Cogmind - Beta 12 @@@ ROGUE MODE // 2023.05.14 @ 17:43:24 Player: Mr Goldstein Result: Destroyed by H-66 Slayer with Heavy Assault Rifle Performance ------------- Evolutions (4) 2000 Regions Visited (8) 1600 Robots Destroyed (7) 35 Value Destroyed (116) 116 Prototype IDs (0) 0 Alien Tech Used (0) 0 Bonus (500) 500 TOTAL SCORE: 4251 Bonus ------- Entered DSFs 500 Cogmind --------- Core Integrity 0/850 Matter 281/300 Energy 99/100 System Corruption 2% Temperature Cool (0) Movement Core (50) Location -6/Lower Caves Parts ------- > --- POWER (1) -------- (None) > --- PROPULSION (2) --- (None) > --- UTILITY (10) ----- (None) > --- WEAPON (2) ------- (None) > --- INVENTORY (5) ---- Rocket Launcher Peak State ------------ > --- POWER ------------ (None) > --- PROPULSION ------- (None) > --- UTILITY ---------- Advanced Targeting Computer > --- WEAPON ----------- Rocket Launcher > --- INVENTORY -------- (None) [Rating: 5] Favorites ----------- Power None Propulsion None Utility Advanced Targeting Computer Processor Advanced Targeting Computer Weapon Rocket Launcher Launcher Rocket Launcher Build | -11 -10 -10 -9 -8 -7 -7 -6 -6 ------- Run | Jun Mat Min Mat Mat Fac DSF Fac Low Slots Evolved 8 | . . . 2 2 2 . 2 . Power . | . . . . . . . . . Propulsion . | . . . . . . . . . Utility 8 | . . . 2 2 2 . 2 . Weapon . | . . . . . . . . . Parts Attached 3 | . . 1 . . . . 1 1 Power . | . . . . . . . . . Engine . | . . . . . . . . . Core . | . . . . . . . . . Reactor . | . . . . . . . . . Propulsion . | . . . . . . . . . Treads . | . . . . . . . . . Leg . | . . . . . . . . . Wheel . | . . . . . . . . . Hover . | . . . . . . . . . Flight . | . . . . . . . . . Utility 1 | . . . . . . . 1 . Device . | . . . . . . . . . Storage . | . . . . . . . . . Processor 1 | . . . . . . . 1 . Hackware . | . . . . . . . . . Protection . | . . . . . . . . . Artifact . | . . . . . . . . . Weapon 2 | . . 1 . . . . . 1 Energy Gun . | . . . . . . . . . Energy Cannon . | . . . . . . . . . Ballistic Gun . | . . . . . . . . . Ballistic Cannon . | . . . . . . . . . Launcher 2 | . . 1 . . . . . 1 Special Weapon . | . . . . . . . . . Impact Weapon . | . . . . . . . . . Slashing Weapon . | . . . . . . . . . Piercing Weapon . | . . . . . . . . . Special Melee Weapon . | . . . . . . . . . Unidentified Prototypes . | . . . . . . . . . Parts Lost 1 | . . . . . . . . 1 Power . | . . . . . . . . . Propulsion . | . . . . . . . . . Utility 1 | . . . . . . . . 1 Weapon . | . . . . . . . . . Highest Loss Streak 1 | . . . . . . . . 1 To Critical Strikes . | . . . . . . . . . Average Slot Usage (%) 1 | . . . . . . . 1 5 Processor 1 | . . . . . . . 1 5 Naked Turns 430 | . 14 138 68 37 3 56 104 10 Heaviest Build . | . . . . . . . . . Greatest Support 3 | 3 3 3 3 3 3 3 3 3 Greatest Overweight (x) . | . . . . . . . . . Average Overweight (x) . | . . . . . . . . . Largest Inventory Capacity 5 | 5 5 5 5 5 5 5 5 5 Average Capacity 5 | 5 5 5 5 5 5 5 5 5 Most Carried 1 | . . 1 1 1 1 1 1 1 Average Carried . | . . . 1 1 1 1 1 . Final Capacity 5 | 5 5 5 5 5 5 5 5 5 Final Carried 1 | . . 1 1 1 1 1 1 1 Class Distribution -------------------- 100% | Mutant Dominant Class ---------------- Mutant | -10/Materials Mutant | -10/Mines Mutant | -9/Materials Mutant | -8/Materials Mutant | -7/Factory Mutant | -7/DSF Mutant | -6/Factory Mutant | -6/Lower Caves Resources | -11 -10 -10 -9 -8 -7 -7 -6 -6 ----------- Run | Jun Mat Min Mat Mat Fac DSF Fac Low Matter Collected 216 | 130 . 78 . . . . . 8 Remotely . | . . . . . . . . . Salvage Created 64 | . . 41 . . . . . 23 Parts 13 | . . 9 . . . . . 4 Haulers Intercepted . | . . . . . . . . . Recyclers Shooed 2 | . . 2 . . . . . . Parts Field Recycled . | . . . . . . . . . Retrieved Matter . | . . . . . . . . . Parts Self-Destructed 3 | . . . . . . . . 3 Prevented 3 | . . . . . . . . 3 Kills | -11 -10 -10 -9 -8 -7 -7 -6 -6 ------- Run | Jun Mat Min Mat Mat Fac DSF Fac Low Combat Hostiles Destroyed 6 | . . 3 . . . . . 3 AOE 6 | . . 3 . . . . . 3 Classes Destroyed 2 | . . 2 . . . . . . Builder 1 | . . 1 . . . . . . Swarmer 6 | . . 3 . . . . . 3 Best Kill Streak 3 | . . 3 . . . . . 3 Combat Bots Only 3 | . . 3 . . . . . 3 Max Kills in Single Turn 2 | . . 2 . . . . . 2 Gunslinging . | . . . . . . . . . Exploded 2 | . . 2 . . . . . 2 Melee . | . . . . . . . . . Uniques/NPCs Destroyed . | . . . . . . . . . Combat | -11 -10 -10 -9 -8 -7 -7 -6 -6 -------- Run | Jun Mat Min Mat Mat Fac DSF Fac Low Damage Taken 1737 | . . 45 126 229 . 410 411 516 Core 1661 | . . 35 126 229 . 410 411 450 Absorbed by Shields . | . . . . . . . . . Core Remaining (%) 70 | 100 . 86 68 58 . 41 . . Volleys Fired 5 | . . 3 . . . . . 2 Largest 1 | . . 1 . . . . . 1 Hottest 33 | . . 33 . . . . . 33 Shots Fired 5 | . . 3 . . . . . 2 Gun . | . . . . . . . . . Cannon . | . . . . . . . . . Launcher 5 | . . 3 . . . . . 2 Special . | . . . . . . . . . Kinetic . | . . . . . . . . . Thermal . | . . . . . . . . . Explosive 5 | . . 3 . . . . . 2 Electromagnetic . | . . . . . . . . . Robot Hit Streak . | . . . . . . . . . Robot Miss Streak 1 | . . 1 . . . . . . Penetration Max . | . . . . . . . . . Secondary Targets . | . . . . . . . . . Shots Hit Robots . | . . . . . . . . . Core Hits 10 | . . 5 1 . . . . 4 Critical Kills . | . . . . . . . . . Critical Parts Destroyed . | . . . . . . . . . Critical Strikes . | . . . . . . . . . Melee Attacks . | . . . . . . . . . Impact . | . . . . . . . . . Slashing . | . . . . . . . . . Piercing . | . . . . . . . . . Sneak Attacks . | . . . . . . . . . Combat Hostiles . | . . . . . . . . . Follow-up Attacks . | . . . . . . . . . Damage Inflicted 419 | . . 173 13 . . . 12 221 Guns . | . . . . . . . . . Cannons . | . . . . . . . . . Explosions 338 | . . 117 . . . . . 221 Melee . | . . . . . . . . . Ramming 81 | . . 56 13 . . . 12 . Kinetic . | . . . . . . . . . Thermal . | . . . . . . . . . Explosive 338 | . . 117 . . . . . 221 Electromagnetic . | . . . . . . . . . Impact . | . . . . . . . . . Slashing . | . . . . . . . . . Piercing . | . . . . . . . . . Highest Corruption 2 | . . . . . . . 1 2 Average Corruption 1 | . . . . . . . 1 1 Corruption Purged . | . . . . . . . . . Corruption Blocked . | . . . . . . . . . Effects 2 | . . . . . . . . 2 Energy Discharges 1 | . . . . . . . . 1 Data Loss (major) 1 | . . . . . . . . 1 Overload Shots . | . . . . . . . . . Overflow Damage . | . . . . . . . . . Projectiles . | . . . . . . . . . Explosions . | . . . . . . . . . Melee . | . . . . . . . . . Knockbacks . | . . . . . . . . . Impact . | . . . . . . . . . Kinetic . | . . . . . . . . . Secondary . | . . . . . . . . . Self-Inflicted Damage 53 | . . 25 5 . . . 4 19 Shots 1 | . . . . . . . . 1 Rammed 25 | . . 15 5 . . . 5 . Targets Rammed 25 | . . 15 5 . . . 5 . Kicked . | . . . . . . . . . Crushed . | . . . . . . . . . Highest Temperature . | . . . . . . . . . Average Temperature . | . . . . . . . . . Received Heat Transfer 228 | . . . . 99 . . 105 24 Siege Activations . | . . . . . . . . . Robots Corrupted . | . . . . . . . . . Combat Hostiles . | . . . . . . . . . Parts Fried . | . . . . . . . . . Impact Corruptions . | . . . . . . . . . Robots Melted . | . . . . . . . . . Combat Hostiles . | . . . . . . . . . Parts Melted . | . . . . . . . . . Heat Transferred . | . . . . . . . . . Parts Sabotaged . | . . . . . . . . . Parts Stolen . | . . . . . . . . . Parts Stripped . | . . . . . . . . . Power Chain Reactions . | . . . . . . . . . Missiles Intercepted . | . . . . . . . . . Alert | -11 -10 -10 -9 -8 -7 -7 -6 -6 ------- Run | Jun Mat Min Mat Mat Fac DSF Fac Low Peak Influence 110 | . . 90 110 61 27 48 97 . Initial 46 | . . . 35 46 27 18 25 . Average 46 | . . 48 57 50 27 26 55 . Maximum Alert Level . | . . . . . . . . . Low Security (%) 100 | 100 100 100 100 100 100 100 100 . Level 1 . | . . . . . . . . . Level 2 . | . . . . . . . . . Level 3 . | . . . . . . . . . Level 4 . | . . . . . . . . . Level 5 . | . . . . . . . . . High Security . | . . . . . . . . . Max Security . | . . . . . . . . . Squads Dispatched 4 | . . . . 1 . 1 2 . Investigation 1 | . . . . . . . 1 . Extermination . | . . . . . . . . . Reinforcement 3 | . . . . 1 . 1 1 . Assault . | . . . . . . . . . Garrison . | . . . . . . . . . Intercept . | . . . . . . . . . Searches Triggered . | . . . . . . . . . Construction Impeded . | . . . . . . . . . Haulers Reinforced . | . . . . . . . . . Active Scanning Responses . | . . . . . . . . . Cargo Convoy Interrupts . | . . . . . . . . . Stealth | -11 -10 -10 -9 -8 -7 -7 -6 -6 --------- Run | Jun Mat Min Mat Mat Fac DSF Fac Low Distress Signals 2 | . . . 2 . . . . . Communications Jammed . | . . . . . . . . . Distress Signals . | . . . . . . . . . Times Spotted 40 | . . 3 7 8 . 6 9 7 Peak Tracking Total 8 | . . 3 7 8 . 5 7 7 Tactical Retreats 4 | . . . 1 . . 1 1 1 Traps | -11 -10 -10 -9 -8 -7 -7 -6 -6 ------- Run | Jun Mat Min Mat Mat Fac DSF Fac Low Traps Triggered 3 | . . . . . . 1 2 . Indirectly . | . . . . . . . . . Trap Hack Attempts . | . . . . . . . . . Triggered . | . . . . . . . . . Disarmed . | . . . . . . . . . Reprogrammed . | . . . . . . . . . Reused . | . . . . . . . . . Traps Extracted . | . . . . . . . . . Installed . | . . . . . . . . . Triggered 1 | . . . . . . . . 1 Machines | -11 -10 -10 -9 -8 -7 -7 -6 -6 ---------- Run | Jun Mat Min Mat Mat Fac DSF Fac Low Machines Disabled . | . . . . . . . . . Max in Single Turn . | . . . . . . . . . Machines Repaired . | . . . . . . . . . Machines Sabotaged . | . . . . . . . . . Overloaded Fab Kills . | . . . . . . . . . Hacking | -11 -10 -10 -9 -8 -7 -7 -6 -6 --------- Run | Jun Mat Min Mat Mat Fac DSF Fac Low Machines Accessed 5 | . . . . . 1 . 4 . Terminals 5 | . . . . . 1 . 4 . Fabricators . | . . . . . . . . . Repair Stations . | . . . . . . . . . Recycling Units . | . . . . . . . . . Scanalyzers . | . . . . . . . . . Garrison Access . | . . . . . . . . . Total Hacks 7 | . . . . . 1 . 6 . Successful 3 | . . . . . 1 . 2 . Failed 4 | . . . . . . . 4 . Catastrophic 3 | . . . . . . . 3 . Database Lockouts . | . . . . . . . . . Manual 4 | . . . . . . . 4 . Terminals 7 | . . . . . 1 . 6 . Fabricators . | . . . . . . . . . Repair Stations . | . . . . . . . . . Recycling Units . | . . . . . . . . . Scanalyzers . | . . . . . . . . . Garrison Access . | . . . . . . . . . Terminal Hacks 1 | . . . . . 1 . . . Open DSF 1 | . . . . . 1 . . . Fabricator Hacks . | . . . . . . . . . Repair Station Hacks . | . . . . . . . . . Recycling Unit Hacks . | . . . . . . . . . Scanalyzer . | . . . . . . . . . Garrison Access Hacks . | . . . . . . . . . Unauthorized Hacks 2 | . . . . . . . 2 . Terminals 2 | . . . . . . . 2 . Botnet 2 | . . . . . . . 2 . Fabricators . | . . . . . . . . . Repair Stations . | . . . . . . . . . Recycling Units . | . . . . . . . . . Scanalyzers . | . . . . . . . . . Garrison Access . | . . . . . . . . . Data Cores Recovered . | . . . . . . . . . Used . | . . . . . . . . . Hacking Detections 3 | . . . . . . . 3 . Full Trace Events 1 | . . . . . . . 1 . Feedback Events . | . . . . . . . . . Feedback Blocked . | . . . . . . . . . Robot Schematics Acquired . | . . . . . . . . . Robots Built . | . . . . . . . . . Authchips . | . . . . . . . . . Time . | . . . . . . . . . Total Robot Build Rating . | . . . . . . . . . Part Schematics Acquired . | . . . . . . . . . Parts Built . | . . . . . . . . . Authchips . | . . . . . . . . . Time . | . . . . . . . . . Total Part Build Rating . | . . . . . . . . . Parts Repaired . | . . . . . . . . . Time . | . . . . . . . . . Parts Recycled . | . . . . . . . . . Recycled Matter . | . . . . . . . . . Retrieved Matter . | . . . . . . . . . Retrieved Components . | . . . . . . . . . Parts Scanalyzed . | . . . . . . . . . Part Schematics Acquired . | . . . . . . . . . Parts Damaged . | . . . . . . . . . Bothacking | -11 -10 -10 -9 -8 -7 -7 -6 -6 ------------ Run | Jun Mat Min Mat Mat Fac DSF Fac Low Used RIF Installer . | . . . . . . . . . Robots Hacked . | . . . . . . . . . Non-combat . | . . . . . . . . . Combat . | . . . . . . . . . Robot Hacks Applied . | . . . . . . . . . Relay Couplers Released . | . . . . . . . . . Fabnet Peak Effective % . | . . . . . . . . . Robots Rewired . | . . . . . . . . . Allies Hacked . | . . . . . . . . . Hacks Repelled . | . . . . . . . . . Allies | -11 -10 -10 -9 -8 -7 -7 -6 -6 -------- Run | Jun Mat Min Mat Mat Fac DSF Fac Low Total Allies . | . . . . . . . . . Largest Group . | . . . . . . . . . Highest-Rated Group . | . . . . . . . . . Highest-Rated Ally . | . . . . . . . . . Total Orders . | . . . . . . . . . Ally Attacks . | . . . . . . . . . Total Damage . | . . . . . . . . . Kills . | . . . . . . . . . Allies Corrupted . | . . . . . . . . . Allies Melted . | . . . . . . . . . Intel | -11 -10 -10 -9 -8 -7 -7 -6 -6 ------- Run | Jun Mat Min Mat Mat Fac DSF Fac Low Robot Analysis Total . | . . . . . . . . . Derelict Logs Recovered 3 | . . 2 . . . . . 1 Drone Launches . | . . . . . . . . . Drone Recoveries . | . . . . . . . . . Exploration | -11 -10 -10 -9 -8 -7 -7 -6 -6 ------------- Run | Jun Mat Min Mat Mat Fac DSF Fac Low Turns Passed 590 | 11 14 145 68 37 3 56 138 118 Spaces Moved 1061 | 22 27 242 125 73 7 81 260 224 Core 1061 | 22 27 242 125 73 7 81 260 224 Treads . | . . . . . . . . . Legs . | . . . . . . . . . Wheels . | . . . . . . . . . Hover . | . . . . . . . . . Flight . | . . . . . . . . . Fastest Speed 50 | 50 50 50 50 50 50 50 50 50 Average Speed 50 | 50 50 50 50 50 50 50 50 50 Slowest Speed 50 | 50 50 50 50 50 50 50 50 50 Overloaded Moves . | . . . . . . . . . Propulsion Burnouts . | . . . . . . . . . Robots Hopped . | . . . . . . . . . Cave-ins Triggered . | . . . . . . . . . Exploration Rate (%) 30 | 4 8 62 17 10 . 89 11 41 Regions Visited 8 Branch Regions 2 Pre-discovered Areas 1 | . . . . . . . . 1 Known Exits Taken 1 | . . . . . 1 . . . Unknown Exits Taken 6 | 1 1 1 1 1 . . 1 . Scrap Searched 2 | . . 2 . . . . . . Spaces Dug 23 | . . 4 . . . . . 19 Terrain Destroyed 37 | . . 18 . . . . . 19 Melee . | . . . . . . . . . Projectile . | . . . . . . . . . AOE 37 | . . 18 . . . . . 19 Terrain Rammed . | . . . . . . . . . Walls Destroyed . | . . . . . . . . . Machines Disabled . | . . . . . . . . . Actions | -11 -10 -10 -9 -8 -7 -7 -6 -6 --------- Run | Jun Mat Min Mat Mat Fac DSF Fac Low Total 1105 | 21 26 262 129 72 6 95 266 228 Wait 1 | . . . . . . . 1 . Move 1053 | 21 26 241 124 72 6 80 259 224 Hop . | . . . . . . . . . Pick Up 1 | . . 1 . . . . . . Fast Attach 1 | . . . . . . . 1 . Attach 2 | . . 1 . . . . . 1 Detach 2 | . . 1 . . . . . 1 Swap . | . . . . . . . . . Drop . | . . . . . . . . . Fire 5 | . . 3 . . . . . 2 Melee . | . . . . . . . . . Ram 25 | . . 15 5 . . . 5 . Kick . | . . . . . . . . . Crush . | . . . . . . . . . Escape Stasis 15 | . . . . . . 15 . . Rewire . | . . . . . . . . . Trap . | . . . . . . . . . Miscellaneous . | . . . . . . . . . Route ------- -11/Junkyard -10/Materials -10/Mines -9/Materials -8/Materials -7/Factory -7/DSF -6/Factory -6/Lower Caves History --------- Turn | Location | Event 6 | -11/Junkyard | Discovered new exit (range 12) 12 | -11/Junkyard | Entered Materials 20 | -10/Materials | Discovered new exit (range 12) 26 | -10/Materials | Entered Mines 34 | -10/Mines | Learned Materials stockpile data 77 | -10/Mines | Received a Rocket Launcher from a helpful Derelict 137 | -10/Mines | Learned 2 Materials zone layouts 154 | -10/Mines | A weapon hastily lodged in a ceiling crevice suddenly fell to the ground 167 | -10/Mines | Discovered new exit (range 5) 171 | -10/Mines | Entered Materials 171 | -9/Materials | Evolved 2 slots: Utility x2 231 | -9/Materials | Discovered new exit (range 15) 239 | -9/Materials | Entered another Materials area 239 | -8/Materials | Evolved 2 slots: Utility x2 274 | -8/Materials | Discovered new exit (range 4) 276 | -8/Materials | Entered Factory 276 | -7/Factory | Evolved 2 slots: Utility x2 279 | -7/Factory | Identified exit to DSF 279 | -7/Factory | Entered DSF 300 | -7/DSF | Additional patrols routed to DSF 305 | -7/DSF | Build established: Mutant 329 | -7/DSF | Discovered new exit (range 11) 334 | -7/DSF | Core integrity fell below 50% 335 | -7/DSF | Entered Factory 335 | -6/Factory | Evolved 2 slots: Utility x2 468 | -6/Factory | Discovered new exit (range 9) 473 | -6/Factory | Entered Lower Caves 474 | -6/Lower Caves | Encountered a Warlord checkpoint 492 | -6/Lower Caves | Core integrity fell below 50% 500 | -6/Lower Caves | Attracted the attention of an 0b10 checkpoint 529 | -6/Lower Caves | Spotted B-75 Beast 530 | -6/Lower Caves | Learned location of Zion (-6) 538 | -6/Lower Caves | Core integrity fell below 20% 591 | -6/Lower Caves | Destroyed by H-66 Slayer with Heavy Assault Rifle Last Messages --------------- GOAL=ESCAPE 00474_ XP-SJE(M): "Unaware activity is slow around here lately. Bring on the action!" 00498_ M-22 Extractor reprogrammed Fire Trap. 00500_ M-22 Extractor failed to extract Fire Trap. 00500_ Y-54 Guardian: "INTERCEPTING UNREGISTERED DERELICT." 00501_ M-22 Extractor extracted Fire Trap. 00519_ System corrupted: Energy discharge (-20). 00530_ Acquired derelict log, extracted data. World map updated: -6/Zion. 00536_ Knocked back. 00536_ Slug penetrates Wall. 00536_ Penetrated by Slug. 00551_ S-27 Virus destroyed. 00556_ Lgt. Nuclear Core fries itself beyond repair. 00558_ System corrupted: Substantial component data lost. 00581_ Penetrated by Slug. 00581_ Adv. Targeting Computer destroyed. 00584_ Acquired 4 matter. 00591_ Penetrated by Slug. Map ----- +----------------------------------------------------+ | ?????????????????????????????????????????????????? | | ?????????????????????????????????????????????????? | | ?????????????????????????????????????????????????? | | ?????????????????????????????????????????????????? | | ?????????????????????????????????????????????????? | | ?????????????????????????????????????????????????? | | ?????????????????????????????????????????????????? | | ?????????????????????????????????????????????????? | | ?????????????????????????????????????????????????? | | ?????????????????????????????????????????????????? | | ?????????????????????????????????????????????????? | | ?????????????????????????????????????????????????? | | ?????????????????????????????????????????????????? | | ?#######??###????????????????????????????????????? | | ?? ?? #?????????#####??????????????????????? | | ?? $ ?? ###?????### ??????????????????????? | | ???" #? ## ?????? ??????????????????????? | | ????" ## ## ?????? ??????????????????????? | | #???"" ## ####??? #??????????????????????? | | # ? " ##?? ####???????????????????? | | # """ " #? ##?? #???????????????????? | | # "" "" #?# #?? #???????????????????? | | # " "" #?# #??# #???????????????????? | | # "" ### # # #### ##??????????????????? | | # "" # # #??????????????????? | | # "" #### @## #??????????????????? | | # " #??## ##### #??????????????????????? | | # #???## ##???# #??????????????????????? | | # #????# #????# #??????????????????????? | | ######### ###????# ##???# #????????????????##?#### | | ????????# #????## #???# #???????????????? ## # | | ????????# #????# #???# #???????????????? | | ????????# ###### # #?### ###??????????????? | | ????????# # # ### #?????####??????# | | ????????######### ## #????## ##????## | | ????????????????### #### % #???## ##???# | | ??????????????????# #?# #???# ##??# | | ??????????????????# ### #????# #### | | ??????????????????# ## ##???## | | ??????????????????# ####h ##### # | | ??????????????????# %" ########## | | ??????????????????## " ##????????## | | ???????????????????## ####### ##??????????# | | ????????????????????## % ##?????# ##???????????# | | ?????????????????????##%##??????###????????????# # | | ??????????????????????###??????????????????????### | | ?????????????????????????????????????????????????? | | ?????????????????????????????????????????????????? | | ?????????????????????????????????????????????????? | | ?????????????????????????????????????????????????? | +----------------------------------------------------+ Best States ------------- Heat Dissipation 37 Energy Generation 5 Energy Capacity 100 Matter Stores 300 Matter Capacity 300 Sight Range 16 Terrain Scan Density 10 Evasion (%) 50 Targeting Accuracy 8 Item Schematics ----------------- None Robot Schematics ------------------ None Fabricated ------------ Nothing Alien Tech Used ----------------- None Achievements -------------- None Challenges ------------ None Game ------ Seed AnalysisFlightDatajack Manual? 0 Play Time 00:07:04 Cumulative 209.6 hours Start 2023.05.14 @ 17:37:24 End 2023.05.14 @ 17:43:24 Sessions 1 Manual Loads 0 Difficulty Rogue Special Mode None Game No. 610 Rogue 610 Adventurer 0 Explorer 0 Win Type - Total 9 Types 7/0/1/1/0/0/0/0/0 Lore% 81 Gallery% 80 Achievement% 71 Wizard Run 0 Options --------- ASCII 0 Keyboard 0 Movement Numpad Keybinds 0 Fullscreen 1 Font 16/SmallcapsGlow Map View 75x55 Tactical HUD 1 Map Filters NONE Filters NONE Steam 1 RUN: 47bcffb7-90dd-494d-978c-fb08ee7f62ae